 Dungeon Crawl Stone Soup version 0.29.0-4-gdea44cf6ec (webtiles) character file.

Game seed: 7761640562339350426

21891 qw the Cleaver (level 12, -7/72 HPs)
             Began as a Tengu Warper on Aug 28, 2022.
             Was a High Priest of Okawaru.
             Headbutted by a minotaur (9 damage)
             ... in a Gauntlet.
             The game lasted 00:01:21 (10411 turns).

qw the Cleaver (Tengu Warper)                      Turns: 10411, Time: 00:01:22

Health: -7/72      AC: 16    Str: 25    XL:     12   Next: 94%
Magic:  14/20      EV: 25    Int: 15    God:    Okawaru [*****.]
Gold:   270        SH: 14    Dex: 22    Spells: 15/15 levels left

rFire   . . .      SeeInvis .   e - +2 broad axe of Irritation {elec, Will+}
rCold   . . .      Faith    .   c - +0 kite shield
rNeg    + + .      Spirit   .   k - +3 ring mail of the Feral God {Int+3 Dex+2 Slay+3}
rPois   .          Reflect  .   o - +2 hat "Qecar" {+Blink}
rElec   .          Harm     .   (no cloak)
rCorr   .          Rampage  .   f - +1 pair of gloves of Umnel {rN++ Str+5}
Will    ++...      NoTele   +   (boots unavailable)
Stlth   +++.......              j - amulet of regeneration
HPRegen 1.02/turn               s - ring of willpower
MPRegen 0.17/turn               u - +6 ring of dexterity

@: lethally poisoned (-7 -> -25), heroic, finesse-ful, flying quickly and
evasively, quick
A: beak, talons 3, nimble flight, iridescent scales 1, strong 1
a: Renounce Religion, Evoke Blink, Heroism, Finesse, Duel


You were in a Gauntlet.
You worshipped Okawaru.
Okawaru was extremely pleased with you.
You visited 3 branches of the dungeon, and saw 13 of its levels.
You also visited: Gauntlet.

You collected 715 gold pieces.
You spent 445 gold pieces at shops.


Innate Abilities, Weirdness & Mutations

You have a beak for a mouth.
You have claws for feet.
Your magical nature lets you fly swiftly and evasively.
You are partially covered in iridescent scales. (AC +2)
Your muscles are strong. (Str +4, Int/Dex -1)


   Skills:
 - Level 7.0(12.0) Fighting
 - Level 14.0(19.0) Axes
 - Level 1.0(6.0) Throwing
 - Level 3.2(8.2) Armour
 + Level 8.9(13.9) Dodging
 - Level 8.5(13.5) Shields
 - Level 2.0 Spellcasting
 - Level 2.4 Translocations
 + Level 9.5 Invocations


You had 15 spell levels left.
You didn't know any spells.
Your spell library contained the following spells:

 Spells                   Type           Power      Damage    Failure   Level
 Blink                    Tloc           16%        N/A       34%         2
 Gell's Gravitas          Tloc           8%         N/A       56%         3
 Lesser Beckoning         Tloc           8%         N/A       56%         3
 Teleport Other           Tloc           8%         N/A       56%         3
 Manifold Assault         Tloc           8%         N/A       99%         5

Inventory:

Hand Weapons
 e - the +2 broad axe of Irritation (weapon) {elec, Will+}
   (You acquired it on level 4 of the Dungeon)

   It occasionally discharges a powerful burst of electricity upon striking a
   foe.
   Will:      It increases your willpower.
 t - a +2 morningstar
Missiles
 g - 8 boomerangs (quivered)
Armour
 c - a +0 kite shield (worn)
 f - the +1 pair of gloves of Umnel (worn) {rN++ Str+5}
   (You found it in a Gauntlet)

   Str:       It affects your strength (+5).
   rN:        It greatly protects you from negative energy.
 k - the +3 ring mail of the Feral God (worn) {Int+3 Dex+2 Slay+3}
   (You found it on level 2 of the Dungeon)

   Int:       It affects your intelligence (+3).
   Dex:       It affects your dexterity (+2).
   Slay:      It affects your accuracy & damage with ranged weapons and melee
   (+3).
 o - the +2 hat "Qecar" (worn) {+Blink}
   (Okawaru gifted it to you in a Gauntlet)

   +Blink:    It lets you blink.
Jewellery
 h - a ring of ice
 j - an amulet of regeneration (around neck)
 s - a ring of willpower (left hand)
 u - a +6 ring of dexterity (right hand)
Scrolls
 a - 2 scrolls of identify
 b - 7 scrolls of enchant weapon
 n - 7 scrolls of teleportation
Potions
 d - 3 potions of haste
 i - 11 potions of curing
 l - a potion of mutation
 m - 3 potions of resistance
 r - a potion of magic

Dungeon Overview and Level Annotations

Branches:
Dungeon (9/15)             Temple (1/1) D:6            Lair (3/5) D:9
Gauntlet (1/1)
  Swamp: Lair:2-3    Shoals: Lair:2-3     Snake: Lair:2-3    Spider: Lair:2-3
    Orc: D:9-12

Altars:
Ashenzari
Cheibriados
Dithmenos
Elyvilon
Fedhas
Gozag
Hepliaklqana
Kikubaaqudgha
Makhleb
Nemelex Xobeh
Okawaru
Qazlal
Ru
Sif Muna
Uskayaw
Vehumet
Wu Jian
Xom
Yredelemnul
Zin
The Shining One

Shops:
D:1 *   D:8 *([(*

Portals:
Abyss: D:3

Annotations:
D:3 2 transporters
D:7 1 runed translucent door, Crazy Yiuf
Lair:3 qw's ghost, journeyman TeWr Gauntlet 4 transporters


Message History

You can now deal lightning-fast blows.
You feel sick.
The minotaur throws a javelin.
The javelin completely misses you.
You feel sick. The minotaur misses you. The minotaur gores you.
You closely miss the minotaur.
The minotaur furiously retaliates!
The minotaur headbutts you, but does no damage.
You claw the minotaur, but do no damage.
The minotaur hits you with a +0 glaive of venom!!
The minotaur gores you.
You hit the minotaur but do no damage. Lightning courses through the minotaur!
The minotaur is lightly wounded.
You feel sick.
You hit the minotaur but do no damage.
The minotaur is lightly wounded.
You hit the minotaur but do no damage. You claw the minotaur.
The minotaur is moderately wounded.
You block the minotaur's attack.
The minotaur gores you but does no damage.
You slash the minotaur! Lightning courses through the minotaur!
You peck the minotaur, but do no damage.
The minotaur is heavily wounded.
You feel sick.
You slice the minotaur!! Lightning courses through the minotaur!
You claw the minotaur.
The minotaur is almost dead.
The minotaur hits you with a +0 glaive of venom!!!
Ouch! That really hurt!
You are more poisoned.
You block the minotaur's attack.
10409 ||| DRINKING potion of heal wounds.
You feel much better.
You feel extremely sick. The minotaur misses you.
The minotaur gores you but does no damage.
You barely miss the minotaur.
The minotaur furiously retaliates!
The minotaur headbutts you!
The minotaur is almost dead.
You feel very sick.
You completely miss the minotaur.
The minotaur furiously retaliates!
The minotaur headbutts you!
You die...

#:. #8. ####[. #### ###8.#8.
#.8### #....#.. #....# #.#..#8.
#..#.# #.#..##H##..#.#
#.......@.....# #.#.##.#.##.#.#
#.#....#....#.#
###.#.#######.#.###
#~...............~# ##
####8.8.8..^.^..8.8ยค8#### 8#
#8##~...............~##8#
###############################
..............~\~............~#


You could see a minotaur.

Vanquished Creatures
  2 hydras
  2 two-headed ogres (D:9)
  A tengu warrior (Gauntlet)
  20 elephants
  A torpor snail (Gauntlet)
  Joseph (D:7)
  Maggie (D:7)
  A gargoyle (D:9)
  A rime drake (Lair:2)
  4 cane toads
  A tengu conjurer (Gauntlet)
  5 komodo dragons
  A polar bear (Lair:2)
  9 blink frogs (Lair:1)
  2 raiju (Gauntlet)
  A hornet (D:8)
  A shadow (D:9)
  5 yaks (D:9)
  A basilisk (Lair:1)
  Menkaure (D:5)
  7 steam dragons
  4 water moccasins
  An orc warrior (D:8)
  2 black bears
  A sky beast (D:8)
  2 ice beasts
  4 ogres
  A centaur (D:7)
  6 bullfrogs
  4 scorpions
  3 necrophages
  13 wights
  An electric eel (Lair:1)
  3 howler monkeys
  4 hounds
  A jelly (D:7)
  3 orc priests
  3 iguanas
  4 orc wizards
  4 gnolls (D:4)
  8 adders
  3 white imps
  An ufetubus (D:7)
  A worm (D:3)
  24 orcs
  6 endoplasms
  4 giant cockroaches
  6 goblins
  2 hobgoblins
  8 jackals
  5 quokkas
  5 ball pythons
  2 bats (D:3)
  3 frilled lizards
  6 kobolds
  6 rats
222 creatures vanquished.

Vanquished Creatures (others)
  10 fungi
  38 plants
48 creatures vanquished.

Grand Total: 270 creatures vanquished

Notes
Turn   | Place    | Note
-------+----------+-------------------------------------------
     0 | D:1      | qw the Tengu Warper began the quest for the Orb.
     0 | D:1      | Reached XP level 1. HP: 12/12 MP: 4/4
     0 | D:1      | 0 ||| qw: Version: 0.1-a-89-g26bdef1
     0 | D:1      | 0 ||| qw: Game counter: 1321
     0 | D:1      | 0 ||| qw: Always use a shield: true
     0 | D:1      | 0 ||| qw: God list: Okawaru
     0 | D:1      | 0 ||| qw: Allow faded altars: false
     0 | D:1      | 0 ||| qw: Do Orc after D:15 true
     0 | D:1      | 0 ||| qw: Do second Lair branch before Depths: true
     0 | D:1      | 0 ||| qw: Lair rune preference: random
     0 | D:1      | 0 ||| qw: Plans: Normal
     0 | D:1      | 0 ||| PLANNING D:1-11
   416 | D:1      | Reached skill level 3 in Axes
   416 | D:1      | Reached XP level 2. HP: 16/17 MP: 6/6
   451 | D:1      | 451 ||| Stepping ~*~*~tactically~*~*~ (stealth).
   453 | D:1      | 453 ||| Stepping ~*~*~tactically~*~*~ (stealth).
   626 | D:1      | Found Esilod's Assorted Antiques.
   645 | D:1      | 645 ||| SHOPLISTING +4 skin of Zhor {*Englaciate rC+++
                  | SInv} (2194 gold, have 22).
   645 | D:1      | 645 ||| SHOPLISTING glowing hand axe (198 gold, have 22).
   645 | D:1      | 645 ||| SHOPLISTING pair of gloves (148 gold, have 22).
   645 | D:1      | 645 ||| SHOPLISTING ruby ring (165 gold, have 22).
   645 | D:1      | 645 ||| SHOPLISTING scroll labelled BAFAXT GESO (33 gold,
                  | have 22).
   645 | D:1      | 645 ||| SHOPLISTING scroll labelled GUTHRAIMUAC (33 gold,
                  | have 22).
   789 | D:1      | Found a faded altar of an unknown god.
   951 | D:1      | 951 ||| UPGRADING to +0 ring mail.
   961 | D:1      | 961 ||| DROPPING +0 leather armour.
   962 | D:1      | 962 ||| UPGRADING to +0 chain mail.
   972 | D:1      | 972 ||| DROPPING +0 ring mail.
   973 | D:1      | 973 ||| READING scroll labelled QAJY OSOZERIO.
   974 | D:1      | 974 ||| DRINKING 2 yellow potions.
   975 | D:1      | 975 ||| DROPPING scroll of blinking.
  1011 | D:2      | 1011 ||| SWAPPING to +0 war axe.
  1016 | D:2      | 1016 ||| DROPPING +0 hand axe.
  1207 | D:2      | 1207 ||| Stepping ~*~*~tactically~*~*~ (stealth).
  1209 | D:2      | 1209 ||| DROPPING +0 club.
  1218 | D:2      | 1218 ||| Stepping ~*~*~tactically~*~*~ (stealth).
  1219 | D:2      | 1219 ||| Stepping ~*~*~tactically~*~*~ (stealth).
  1241 | D:2      | Reached XP level 3. HP: 21/21 MP: 7/7
  1258 | D:2      | Reached skill level 4 in Axes
  1362 | D:2      | Identified the +3 ring mail of the Feral God {Int+3 Dex+2
                  | Slay+3}
  1525 | D:2      | 1525 ||| Stepping ~*~*~tactically~*~*~ (stealth).
  1718 | D:2      | 1718 ||| UPGRADING to +0 kite shield.
  1723 | D:2      | 1723 ||| UPGRADING to +3 ring mail of the Feral God {Int+3
                  | Dex+2 Slay+3}.
  1733 | D:2      | 1733 ||| DROPPING +0 chain mail.
  1734 | D:2      | 1734 ||| READING scroll labelled GUTHRAIMUAC.
  1735 | D:2      | 1735 ||| READING scroll labelled WOEMUGUVUC.
  1861 | D:2      | 1861 ||| READING scroll labelled RUIGAI WE AVI.
  1866 | D:2      | 1866 ||| READING scroll labelled OFEOBURAASKE.
  1914 | D:3      | 1914 ||| Stepping ~*~*~tactically~*~*~ (stealth).
  1916 | D:3      | 1916 ||| Stepping ~*~*~tactically~*~*~ (stealth).
  1917 | D:3      | 1917 ||| Stepping ~*~*~tactically~*~*~ (stealth).
  1920 | D:3      | 1920 ||| Stepping ~*~*~tactically~*~*~ (stealth).
  1927 | D:3      | Reached skill level 1 in Shields
  1927 | D:3      | Reached XP level 4. HP: 25/26 MP: 8/8
  1935 | D:3      | 1935 ||| Stepping ~*~*~tactically~*~*~ (stealth).
  2147 | D:3      | Noticed a small abomination
  2163 | D:3      | Noticed a kobold brigand
  2165 | D:3      | Noticed a small abomination
  2235 | D:3      | 2235 ||| Stepping ~*~*~tactically~*~*~ (stealth).
  2316 | D:3      | 2316 ||| FLEEEEING.
  2317 | D:3      | 2317 ||| FLEEEEING.
  2591 | D:3      | Gained mutation: Your magical nature lets you fly swiftly
                  | and evasively. [Tengu growth]
  2591 | D:3      | Reached XP level 5. HP: 30/30 MP: 9/9
  2641 | D:3      | Found a one-way gate to the infinite horrors of the Abyss.
  2644 | D:3      | Found a transporter.
  2730 | D:3      | Found a transporter.
  2826 | D:3      | 2826 ||| UPGRADING to amulet of regeneration.
  2831 | D:3      | 2831 ||| READING scroll labelled DAK EHOPLYGRI.
  2832 | D:3      | 2832 ||| READING scroll labelled YMIROS TUPHAPO.
  2833 | D:3      | 2833 ||| DRINKING 3 fuming green potions.
  2834 | D:3      | 2834 ||| DROPPING 2 potions of magic.
  2835 | D:3      | 2835 ||| Stepping randomly (stuck).
  2836 | D:3      | 2836 ||| Stepping ~*~*~tactically~*~*~ (cloud).
  2911 | D:4      | Reached skill level 3 in Shields
  3012 | D:4      | Reached skill level 5 in Axes
  3192 | D:4      | Reached XP level 6. HP: 35/35 MP: 10/10
  3233 | D:4      | Reached skill level 6 in Axes
  3349 | D:4      | Found a hide-covered altar of Uskayaw.
  3403 | D:4      | Reached XP level 7. HP: 40/40 MP: 11/11
  3545 | D:4      | 3545 ||| Stepping ~*~*~tactically~*~*~ (hiding).
  3669 | D:4      | 3669 ||| READING scroll labelled SIETIEM BUQAY.
  3669 | D:4      | Identified a scroll of acquirement
  3669 | D:4      | 3669 ||| ACQUIRING +2 broad axe of Irritation {elec, Will+}
  3669 | D:4      | Acquired the +2 broad axe of Irritation {elec, Will+}
  3671 | D:4      | 3671 ||| SWAPPING to +2 broad axe of Irritation {elec,
                  | Will+}.
  3672 | D:4      | 3672 ||| DROPPING +0 war axe.
  3673 | D:4      | 3673 ||| READING scroll labelled CUANUBLUOT.
  3674 | D:4      | 3674 ||| DRINKING 2 smoky sapphire potions.
  3674 | D:4      | Gained mutation: You are partially covered in iridescent
                  | scales. (AC +2) [potion of mutation]
  3674 | D:4      | Gained mutation: Your muscles are strong. (Str +4, Int/Dex
                  | -1) [potion of mutation]
  3675 | D:4      | 3675 ||| DRINKING 2 viscous dark potions.
  3676 | D:4      | 3676 ||| READING 2 scrolls of identify.
  3676 | D:4      | 3676 ||| IDENTIFYING dark potion
  3677 | D:4      | 3677 ||| DROPPING potion of degeneration.
  3691 | D:5      | Entered Level 5 of the Dungeon
  3700 | D:5      | Reached skill level 7 in Axes
  3728 | D:5      | Noticed Menkaure
  3733 | D:5      | HP: 10/40 [Menkaure (9)]
  3734 | D:5      | 3734 ||| READING scroll of teleportation.
  3736 | D:5      | Killed Menkaure
  3737 | D:5      | Reached skill level 3 in Fighting
  3877 | D:5      | 3877 ||| Stepping ~*~*~tactically~*~*~ (hiding).
  4057 | D:5      | Reached XP level 8. HP: 46/46 MP: 12/12
  4071 | D:5      | Reached skill level 3 in Dodging
  4161 | D:5      | Reached skill level 8 in Axes
  4610 | D:5      | 4610 ||| UPGRADING to +0 pair of gloves.
  4615 | D:5      | 4615 ||| DROPPING amulet of the acrobat.
  4616 | D:5      | 4616 ||| READING scroll labelled BAFAXT GESO.
  4617 | D:5      | 4617 ||| READING 2 scrolls of identify.
  4617 | D:5      | 4617 ||| IDENTIFYING lumpy coppery potion
  4666 | D:6      | 4666 ||| Stepping ~*~*~tactically~*~*~ (hiding).
  4808 | D:6      | Found an ornate altar of the Wu Jian Council.
  4821 | D:6      | Found a blossoming altar of Fedhas.
  4826 | D:6      | Found a sparkling altar of Nemelex Xobeh.
  4889 | D:6      | 4889 ||| Stepping ~*~*~tactically~*~*~ (cloud).
  4897 | D:6      | Reached skill level 9 in Axes
  4897 | D:6      | 4897 ||| Stepping ~*~*~tactically~*~*~ (cloud).
  5071 | D:6      | 5071 ||| Stepping ~*~*~tactically~*~*~ (stealth).
  5111 | D:6      | 5111 ||| Stepping ~*~*~tactically~*~*~ (hiding).
  5227 | D:6      | Found a staircase to the Ecumenical Temple.
  5228 | D:6      | 5228 ||| PLANNING TEMPLE
  5233 | Temple   | Entered the Ecumenical Temple
  5233 | Temple   | Found a transporter.
  5233 | Temple   | Found a transporter.
  5235 | Temple   | Found a transporter.
  5235 | Temple   | Found a transporter.
  5245 | Temple   | 5245 ||| PLANNING D:1-11
  5309 | Temple   | Became a worshipper of Warmaster Okawaru
  5434 | D:6      | Found a stormy altar of Qazlal.
  5749 | D:6      | 5749 ||| READING 2 scrolls of identify.
  5749 | D:6      | 5749 ||| IDENTIFYING sedimented yellow potion
  5750 | D:6      | 5750 ||| DROPPING potion of flight.
  5793 | D:7      | Reached XP level 9. HP: 52/52 MP: 13/13
  5802 | D:7      | Noticed Maggie
  5803 | D:7      | 5803 ||| Stepping ~*~*~tactically~*~*~ (hiding).
  5812 | D:7      | Killed Maggie
  5813 | D:7      | Reached skill level 6 in Shields
  5823 | D:7      | 5823 ||| FLEEEEING.
  5824 | D:7      | 5824 ||| FLEEEEING.
  5825 | D:7      | 5825 ||| FLEEEEING.
  5826 | D:7      | 5826 ||| FLEEEEING.
  5827 | D:7      | 5827 ||| FLEEEEING.
  5828 | D:7      | 5828 ||| FLEEEEING.
  5871 | D:7      | Identified the +3 sling "Caoqot" {freeze, rPois Str+3 Int+3
                  | Dex+2}
  5952 | D:7      | Reached * piety under Okawaru
  6033 | D:7      | 6033 ||| READING scroll of acquirement.
  6033 | D:7      | 6033 ||| ACQUIRING ring of willpower
  6033 | D:7      | Acquired a ring of willpower
  6035 | D:7      | 6035 ||| UPGRADING to ring of willpower.
  6091 | D:7      | 6091 ||| INVOKING Heroism.
  6094 | D:7      | Reached skill level 1 in Invocations
  6156 | D:7      | 6156 ||| INVOKING Heroism.
  6157 | D:7      | 6157 ||| Stepping ~*~*~tactically~*~*~ (stealth).
  6174 | D:7      | 6174 ||| Stepping ~*~*~tactically~*~*~ (stealth).
  6177 | D:7      | 6177 ||| INVOKING Heroism.
  6179 | D:7      | 6179 ||| Stepping ~*~*~tactically~*~*~ (hiding).
  6255 | D:7      | 6255 ||| Stepping ~*~*~tactically~*~*~ (stealth).
  6257 | D:7      | 6257 ||| Stepping ~*~*~tactically~*~*~ (stealth).
  6262 | D:7      | Reached skill level 10 in Axes
  6263 | D:7      | 6263 ||| Stepping ~*~*~tactically~*~*~ (stealth).
  6294 | D:7      | 6294 ||| DROPPING +0 flail.
  6306 | D:7      | 6306 ||| INVOKING Heroism.
  6313 | D:7      | Reached skill level 3 in Invocations
  6486 | D:7      | Noticed Joseph
  6487 | D:7      | 6487 ||| INVOKING Heroism.
  6493 | D:7      | Killed Joseph
  6493 | D:7      | Reached ** piety under Okawaru
  6540 | D:7      | Reached XP level 10. HP: 59/59 MP: 14/14
  6568 | D:7      | Found a runed translucent door.
  6569 | D:7      | Noticed Crazy Yiuf
  6609 | D:7      | 6609 ||| READING 2 scrolls of teleportation.
  6739 | D:8      | Found a sacrificial altar of Ru.
  6741 | D:8      | 6741 ||| Stepping ~*~*~tactically~*~*~ (stealth).
  6743 | D:8      | 6743 ||| INVOKING Heroism.
  6778 | D:8      | Found Cyne's Assorted Antiques.
  6786 | D:8      | 6786 ||| BUYING potion of curing (99 gold).
  6786 | D:8      | Bought a potion of curing for 99 gold pieces
  6786 | D:8      | 6786 ||| BUYING potion of curing (99 gold).
  6786 | D:8      | Bought a potion of curing for 99 gold pieces
  6786 | D:8      | 6786 ||| BUYING scroll of enchant weapon (247 gold).
  6786 | D:8      | Bought a scroll of enchant weapon for 247 gold pieces
  6929 | D:8      | Found Petesycoa's Assorted Antiques.
  6937 | D:8      | 6937 ||| SHOPLISTING 3 scrolls of teleportation (243 gold,
                  | have 21).
  6937 | D:8      | 6937 ||| SHOPLISTING pink potion (24 gold, have 21).
  6937 | D:8      | 6937 ||| SHOPLISTING scroll of identify (54 gold, have 21).
  6980 | D:8      | 6980 ||| INVOKING Heroism.
  6987 | D:8      | Reached skill level 11 in Axes
  7084 | D:8      | 7084 ||| INVOKING Heroism.
  7085 | D:8      | 7085 ||| Stepping ~*~*~tactically~*~*~ (cloud).
  7162 | D:8      | Found Ytokhlea's Weapon Emporium.
  7183 | D:8      | Found Cinuroa's Antique Armour Shop.
  7188 | D:8      | 7188 ||| SHOPLISTING polished plate armour (644 gold, have
                  | 40).
  7350 | D:8      | Found Owoxig's Weapon Emporium.
  7410 | D:8      | 7410 ||| UPGRADING to +6 ring of dexterity.
  7411 | D:8      | 7411 ||| READING scroll labelled HUAN JACHOQOTZ.
  7412 | D:8      | 7412 ||| DRINKING 2 lumpy sapphire potions.
  7436 | D:9      | 7436 ||| Stepping ~*~*~tactically~*~*~ (hiding).
  7538 | D:9      | 7538 ||| Stepping ~*~*~tactically~*~*~ (hiding).
  7542 | D:9      | 7542 ||| INVOKING Heroism.
  7547 | D:9      | 7547 ||| Stepping ~*~*~tactically~*~*~ (cloud).
  7563 | D:9      | Reached skill level 6 in Dodging
  7563 | D:9      | 7563 ||| Stepping ~*~*~tactically~*~*~ (stealth).
  7566 | D:9      | 7566 ||| Stepping ~*~*~tactically~*~*~ (stealth).
  7578 | D:9      | 7578 ||| INVOKING Heroism.
  7584 | D:9      | Noticed a two-headed ogre
  7585 | D:9      | Reached *** piety under Okawaru
  7590 | D:9      | Killed a two-headed ogre
  7591 | D:9      | Reached skill level 12 in Axes
  7665 | D:9      | Noticed a gargoyle
  7666 | D:9      | 7666 ||| Stepping ~*~*~tactically~*~*~ (stealth).
  7668 | D:9      | 7668 ||| Stepping ~*~*~tactically~*~*~ (stealth).
  7673 | D:9      | 7673 ||| INVOKING Heroism.
  7677 | D:9      | Killed a gargoyle
  7787 | D:9      | 7787 ||| Stepping ~*~*~tactically~*~*~ (stealth).
  7790 | D:9      | 7790 ||| INVOKING Heroism.
  7796 | D:9      | Reached XP level 11. HP: 63/63 MP: 12/15
  7953 | D:9      | Found a staircase to the Lair.
  8002 | D:9      | Noticed a two-headed ogre
  8003 | D:9      | 8003 ||| INVOKING Heroism.
  8009 | D:9      | Killed a two-headed ogre
  8009 | D:9      | Reached **** piety under Okawaru
  8010 | D:9      | Reached skill level 6 in Fighting
  8054 | D:9      | 8054 ||| PLANNING LAIR
  8054 | D:9      | 8054 ||| READING 4 scrolls of identify.
  8054 | D:9      | 8054 ||| IDENTIFYING glowing yellow potion
  8055 | D:9      | 8055 ||| READING 3 scrolls of identify.
  8055 | D:9      | 8055 ||| IDENTIFYING bubbling white potion
  8056 | D:9      | 8056 ||| DROPPING potion of lignification.
  8057 | D:9      | 8057 ||| DROPPING potion of invisibility.
  8104 | Lair:1   | Entered Level 1 of the Lair of Beasts
  8107 | Lair:1   | Noticed a five-headed hydra
  8108 | Lair:1   | 8108 ||| Stepping ~*~*~tactically~*~*~ (stealth).
  8109 | Lair:1   | 8109 ||| Stepping ~*~*~tactically~*~*~ (stealth).
  8110 | Lair:1   | 8110 ||| INVOKING Heroism.
  8112 | Lair:1   | 8112 ||| SWAPPING to +2 morningstar.
  8116 | Lair:1   | Killed a five-headed hydra
  8117 | Lair:1   | 8117 ||| SWAPPING to +2 broad axe of Irritation {elec,
                  | Will+}.
  8127 | Lair:1   | 8127 ||| Stepping ~*~*~tactically~*~*~ (stealth).
  8128 | Lair:1   | 8128 ||| INVOKING Heroism.
  8129 | Lair:1   | 8129 ||| Stepping ~*~*~tactically~*~*~ (stealth).
  8130 | Lair:1   | 8130 ||| Stepping ~*~*~tactically~*~*~ (stealth).
  8169 | Lair:1   | 8169 ||| INVOKING Heroism.
  8210 | Lair:1   | 8210 ||| Stepping ~*~*~tactically~*~*~ (stealth).
  8211 | Lair:1   | 8211 ||| Stepping ~*~*~tactically~*~*~ (stealth).
  8212 | Lair:1   | 8212 ||| INVOKING Heroism.
  8214 | Lair:1   | 8214 ||| Stepping ~*~*~tactically~*~*~ (stealth).
  8230 | Lair:1   | 8230 ||| Stepping ~*~*~tactically~*~*~ (stealth).
  8231 | Lair:1   | 8231 ||| Stepping ~*~*~tactically~*~*~ (stealth).
  8237 | Lair:1   | 8237 ||| INVOKING Heroism.
  8364 | Lair:1   | 8364 ||| INVOKING Heroism.
  8372 | Lair:1   | Reached skill level 13 in Axes
  8451 | Lair:1   | 8451 ||| INVOKING Heroism.
  8460 | Lair:1   | Reached ***** piety under Okawaru
  8461 | Lair:1   | Reached skill level 3 in Armour
  8466 | Lair:1   | Reached skill level 6 in Invocations
  8467 | Lair:1   | Received a gift from Okawaru
  8581 | Lair:1   | 8581 ||| INVOKING Heroism.
  8776 | Lair:1   | 8776 ||| INVOKING Heroism.
  8932 | Lair:1   | 8932 ||| READING scroll labelled QEITAMEDWI.
  8933 | Lair:1   | 8933 ||| READING 3 scrolls of identify.
  8933 | Lair:1   | 8933 ||| IDENTIFYING pink potion
  8934 | Lair:1   | 8934 ||| READING 2 scrolls of identify.
  8934 | Lair:1   | 8934 ||| IDENTIFYING white potion
  8935 | Lair:1   | 8935 ||| DROPPING potion of attraction.
  8936 | Lair:1   | 8936 ||| DROPPING potion of brilliance.
  9060 | Lair:2   | 9060 ||| Stepping ~*~*~tactically~*~*~ (stealth).
  9067 | Lair:2   | 9067 ||| INVOKING Heroism.
  9078 | Lair:2   | Reached XP level 12. HP: 49/70 MP: 15/18
  9193 | Lair:2   | 9193 ||| Stepping ~*~*~tactically~*~*~ (stealth).
  9214 | Lair:2   | 9214 ||| INVOKING Heroism.
  9289 | Lair:2   | 9289 ||| INVOKING Heroism.
  9331 | Lair:2   | 9331 ||| INVOKING Heroism.
  9365 | Lair:2   | 9365 ||| INVOKING Heroism.
  9617 | Lair:2   | 9617 ||| Stepping ~*~*~tactically~*~*~ (stealth).
  9621 | Lair:2   | 9621 ||| Stepping ~*~*~tactically~*~*~ (stealth).
  9697 | Lair:2   | 9697 ||| Stepping ~*~*~tactically~*~*~ (stealth).
  9699 | Lair:2   | 9699 ||| Stepping ~*~*~tactically~*~*~ (stealth).
  9701 | Lair:2   | 9701 ||| Stepping ~*~*~tactically~*~*~ (stealth).
  9714 | Lair:2   | Reached skill level 14 in Axes
  9739 | Lair:2   | Received a gift from Okawaru
  9808 | Lair:2   | 9808 ||| DROPPING amulet of faith.
  9809 | Lair:2   | 9809 ||| DROPPING +6 ring of intelligence.
  9829 | Lair:3   | Noticed a four-headed hydra
  9830 | Lair:3   | 9830 ||| PLANNING GAUNTLET
  9830 | Lair:3   | 9830 ||| INVOKING Heroism.
  9831 | Lair:3   | 9831 ||| SWAPPING to +2 morningstar.
  9832 | Lair:3   | 9832 ||| INVOKING Finesse.
  9838 | Lair:3   | Killed a four-headed hydra
  9839 | Lair:3   | 9839 ||| SWAPPING to +2 broad axe of Irritation {elec,
                  | Will+}.
  9882 | Lair:3   | Noticed qw's ghost (journeyman TeWr)
  9882 | Lair:3   | Noticed a minotaur
  9903 | Lair:3   | Found a gate leading to a gauntlet.
  9912 | Gauntlet | Entered a Gauntlet
  9912 | Gauntlet | Found a transporter.
  9912 | Gauntlet | Found a transporter.
  9921 | Gauntlet | Found a transporter.
  9931 | Gauntlet | Found a transporter.
  9946 | Gauntlet | Found a transporter.
  9951 | Gauntlet | Noticed a tengu warrior
  9956 | Gauntlet | Found a transporter.
  9971 | Gauntlet | Found a transporter.
  9974 | Gauntlet | Found a transporter.
  9991 | Gauntlet | Found a transporter.
 10006 | Gauntlet | Noticed an entropy weaver
 10008 | Gauntlet | Found a transporter.
 10012 | Gauntlet | Found a transporter.
 10012 | Gauntlet | Noticed a blizzard demon
 10052 | Gauntlet | Found a transporter.
 10098 | Gauntlet | 10098 ||| INVOKING Heroism.
 10127 | Gauntlet | Identified the +1 helmet "Osuoh" {Will+ Str+4}
 10128 | Gauntlet | 10128 ||| READING scroll labelled UNOXOXI MICA.
 10135 | Gauntlet | 10135 ||| INVOKING Heroism.
 10144 | Gauntlet | 10144 ||| Stepping randomly (cloudy).
 10196 | Gauntlet | 10196 ||| INVOKING Heroism.
 10198 | Gauntlet | Killed a tengu warrior
 10198 | Gauntlet | Reached ****** piety under Okawaru
 10199 | Gauntlet | Reached skill level 9 in Invocations
 10230 | Gauntlet | Identified the +1 pair of gloves of Umnel {rN++ Str+5}
 10236 | Gauntlet | 10236 ||| UPGRADING to +1 pair of gloves of Umnel {rN++
                  | Str+5}.
 10246 | Gauntlet | 10246 ||| DROPPING +0 pair of gloves.
 10260 | Gauntlet | 10260 ||| Stepping randomly (stuck).
 10261 | Gauntlet | 10261 ||| Stepping randomly (stuck).
 10270 | Gauntlet | 10270 ||| INVOKING Heroism.
 10300 | Gauntlet | 10300 ||| Stepping randomly (stuck).
 10301 | Gauntlet | 10301 ||| Stepping randomly (stuck).
 10302 | Gauntlet | 10302 ||| Stepping randomly (stuck).
 10304 | Gauntlet | 10304 ||| Stepping randomly (stuck).
 10305 | Gauntlet | 10305 ||| Stepping randomly (stuck).
 10329 | Gauntlet | 10329 ||| Stepping randomly (stuck).
 10332 | Gauntlet | 10332 ||| Stepping randomly (stuck).
 10343 | Gauntlet | 10343 ||| INVOKING Heroism.
 10346 | Gauntlet | Identified the +2 hat "Qecar" {+Blink} (Okawaru gifted it
                  | to you in a Gauntlet)
 10346 | Gauntlet | Received a gift from Okawaru
 10354 | Gauntlet | 10354 ||| UPGRADING to +2 hat "Qecar" {+Blink}.
 10391 | Gauntlet | Identified the +0 plate armour of the Eternal Void {Will+}
 10391 | Gauntlet | Noticed a minotaur
 10392 | Gauntlet | 10392 ||| Stepping ~*~*~tactically~*~*~ (stealth).
 10394 | Gauntlet | 10394 ||| Stepping ~*~*~tactically~*~*~ (stealth).
 10396 | Gauntlet | 10396 ||| Stepping ~*~*~tactically~*~*~ (hiding).
 10400 | Gauntlet | 10400 ||| INVOKING Heroism.
 10401 | Gauntlet | 10401 ||| INVOKING Finesse.
 10408 | Gauntlet | HP: 1/72 [minotaur/+0 glaive of venom (38)]
 10409 | Gauntlet | 10409 ||| DRINKING potion of heal wounds.
 10411 | Gauntlet | Headbutted by a minotaur

Levels and vault maps discovered:
D:1:      dpeg_arrival_rooms_c, layout_loops_ring, ebering_ecumenical_altar_box,
          serial_shops, nicolae_shop_overgrown_old_shop
D:2:      layout_basic
D:3:      layout_basic, gammafunk_ghost_abyssal_escape
D:4:      layout_basic, eat_drink_and_be_merry_uskayaw, dreamdust_gnoll_farm
D:5:      layout_basic, uniq_menkaure
D:6:      layout_basic, mainiacjoe_overflow_24_doors,
          minmay_overflow_temple_star_quad, minmay_temple_entry_trees,
          nicolae_water_bricks
D:7:      layout_gridville, chequers_serial_rivers_large_a, uniq_maggie,
          uniq_joseph, uniq_crazy_yiuf_cottage
D:8:      layout_layer_cave, mainiacjoe_overflow_cross_hatched, serial_shops,
          nicolae_shop_bloodbath_and_beyond, nicolae_shop_statue_plus,
          kennysheep_little_box, shop_statue, nicolae_shop_overgrown_old_shop,
          kennysheep_generic_room_15
D:9:      layout_cave_pools, david_lair_shrubbed
Temple:   hellmonk_temple_divided_pantheon
Lair:1:   layout_gridlike
Lair:2:   layout_roguey, infiniplex_staircase_pool_2
Lair:3:   layout_roguey, elwin_shoals_entry_stream,
          minmay_snake_entry_guardpost_medium, gauntlet_entry_generic,
          maelrawn_ghost_gauntlet_escape, lemuel_fruit_fields,
          infiniplex_staircase_pool, uniq_nergalle, uniq_fannar, uniq_nessos
Gauntlet: gammafunk_gauntlet_shortcut [gammafunk_gauntlet_arena_arrow_garden,
          gammafunk_gauntlet_arena_chambers, nicolae_gauntlet_arena_x,
          gammafunk_gauntlet_arena_crates, nicolae_gauntlet_arena_quarters,
          gammafunk_gauntlet_arena_spirals,
          nicolae_gauntlet_exit_dead_adventurers]

Skill      XL: |  1  2  3  4  5  6  7  8  9 10 11 12 |
---------------+-------------------------------------+-----
Axes           | 3 4 5 6 7 9 10 12 13 14 | 14.0
Shields        | 1 2 3 4 5 6 7 8 |  8.5
Fighting       | 3 4 5 6 7 |  7.0
Dodging        | 4 7 8 |  8.9
Armour         | 2 3 |  3.2
Invocations    | 3 4 6 9 |  9.5
Throwing       | |  1.0
Spellcasting   | |  2.0
Translocations | |  2.4

Action                   |  1- 3 |  4- 6 |  7- 9 | 10-12 || total
-------------------------+-------+-------+-------+-------++-------
Melee: Hand axe          |    30 |       |       |       ||    30
       Peck              |     7 |    12 |    19 |    83 ||   121
       Kick              |    13 |    17 |    27 |   105 ||   162
       War axe           |    30 |    86 |     1 |       ||   117
       Broad axe         |       |       |   108 |   271 ||   379
       Morningstar       |       |       |       |     9 ||     9
Throw: Boomerang         |     7 |    16 |    61 |    85 ||   169
Invok: Heroism           |       |       |     5 |    29 ||    34
       Finesse           |       |       |       |     2 ||     2
  Use: Scroll            |     5 |     2 |     8 |     8 ||    23
       Potion            |     1 |     1 |     2 |     2 ||     6
 Stab: Distracted        |       |       |       |     1 ||     1
Armor: Leather armour    |     7 |       |       |       ||     7
       Chain mail        |    11 |       |       |       ||    11
       Ring mail         |     4 |    11 |    33 |    57 ||   105
Dodge: Dodged            |    13 |    39 |    29 |   149 ||   230
Block: Kite shield       |     1 |    27 |    38 |   139 ||   205

Table legend:
 A = Non-vault XP
 B = Vault XP
 C = Vault XP percentage of total XP
 D = Non-vault monster count
 E = Vault monster count
 F = Vault count percentage of total count
                 A         B        C        D         E       F
            +---------+---------+-------+---------+---------+-------
      Total |   24582 |    6691 |  21.4 |     198 |      24 |  10.8
            +---------+---------+-------+---------+---------+-------
        D:1 |      22 |       0 |   0.0 |      14 |       0 |   0.0
        D:2 |      43 |       0 |   0.0 |      12 |       0 |   0.0
        D:3 |     103 |       0 |   0.0 |      27 |       0 |   0.0
        D:4 |     379 |     141 |  27.1 |      15 |       6 |  28.6
        D:5 |     827 |     183 |  18.1 |      20 |       1 |   4.8
        D:6 |     625 |       0 |   0.0 |      13 |       0 |   0.0
        D:7 |    1467 |     884 |  37.6 |      22 |       2 |   8.3
        D:8 |    1375 |     133 |   8.8 |      16 |       1 |   5.9
        D:9 |    3558 |     343 |   8.8 |      14 |       1 |   6.7
     Lair:1 |    6991 |       0 |   0.0 |      24 |       0 |   0.0
     Lair:2 |    7921 |       0 |   0.0 |      19 |       0 |   0.0
     Lair:3 |    1271 |       0 |   0.0 |       2 |       0 |   0.0
   Gauntlet |       0 |    5007 | 100.0 |       0 |      13 | 100.0
            +---------+---------+-------+---------+---------+-------
